 Dungeon Sprint DCSS version 0.19-a0-97-g21dea92 (webtiles) character file.

486080 Kidiri the Conqueror (level 19, 226/226 HPs)
             Began as a Naga Fighter on May 16, 2016.
             Was the Champion of Cheibriados.
             Escaped with the Orb!
             The game lasted 00:25:34 (3097 turns).

Kidiri the Conqueror (Naga Fighter)                 Turns: 3097, Time: 00:25:35

Health: 226/226    AC: 59    Str: 65    XL:     19   Next: 92%
Magic:  45/45      EV: 24    Int: 30    God:    Cheibriados [******]
Gold:   0          SH: 47    Dex: 35    Spells: 0 memorised, 18 levels left

rFire  . . .     SeeInvis +     h - +14 obsidian axe {chop, +Fly Str+3 SInv *Curse} (curse)
rCold  x . .     Gourm    .     j - +15 Maxwell's patent armour {-Cast -Tele rElec MR+ rCorr}
rNeg   + . .     Faith    .     J - +18 shield of the gong {rElec rN+ MR+ EV-5}
rPois  +         Spirit   .     U - +3 hat of Pondering {ponderous, MR+ MP+10 Int+5}
rElec  +         Dismiss  .     K - +2 cloak of Plog {Str+8}
rCorr  +         Reflect  +     u - +2 pair of gloves {Dex+3}
SustAt .         Harm     .     N - +1 naga barding {Fly}
MR     +++++     NoTele   +     p - +4 amulet of reflection
Stlth  .......... NoCast   +    W - ring of Mysticism {Wiz *Confuse rC- Str+8 Dex+6}
                                t - +6 ring of strength

@: flying, very slow, almost entirely resistant to hostile enchantments,
extremely unstealthy
A: horns 2, stinger 1, see invisible, deformed body, poison resistance,
electricity resistance, slowness 2, slow metabolism 1, spit poison 3, MP-powered
wands, constrict 1, AC +6
a: Breathe Poison Gas, Bend Time, Temporal Distortion, Slouch, Step From Time,
Renounce Religion, Stop Flying
0: Orb of Zot


You escaped.
You worshipped Cheibriados.
Cheibriados was exalted by your worship.
You were full.

You visited 1 branch

Inventory:

Hand Weapons
 h - the cursed +14 obsidian axe (weapon) {chop, +Fly Str+3 SInv *Curse}
   (You found it in the Dungeon)

   It inflicts extra damage upon your enemies.
   It affects your strength (+3).
   It lets you see invisible.
   It lets you fly.
   It may re-curse itself when equipped.
   It has a curse placed upon it.
Armour
 j - the +15 Maxwell's patent armour (worn) {-Cast -Tele rElec MR+ rCorr}
   (You found it in the Dungeon)

   It insulates you from electricity.
   It affects your resistance to hostile enchantments.
   It prevents spellcasting.
   It prevents most forms of teleportation.
   It protects you from acid and corrosion.
 u - a +2 pair of gloves of dexterity (worn)
 J - the +18 shield of the gong (worn) {rElec rN+ MR+ EV-5}
   (You found it in the Dungeon)

   It affects your evasion (-5).
   It insulates you from electricity.
   It protects you from negative energy.
   It affects your resistance to hostile enchantments.
 K - the +2 cloak of Plog (worn) {Str+8}
   (You found it in the Dungeon)

   It affects your strength (+8).
 N - a +1 naga barding of flying (worn)
 O - the +2 hat of the High Council {Archmagi, Wiz- Stlth-}
   (You found it in the Dungeon)

   It makes you less stealthy.
 U - the +3 hat of Pondering (worn) {ponderous, MR+ MP+10 Int+5}
   (You found it in the Dungeon)

   It affects your intelligence (+5).
   It affects your resistance to hostile enchantments.
   It affects your magic capacity (+10).
Jewellery
 a - the ring "Goalukia" {+Fly rF+}
   (You took it off a skeletal warrior in the Dungeon)

   [ring of flight]

   It protects you from fire.
   It lets you fly.
 b - the amulet of Fixation {RegenMP SInv}
   (You found it in the Dungeon)

   [amulet of magic regeneration]

   It increases your magic regeneration.
   It lets you see invisible.
 c - the ring of Juon {rF+ Stlth-}
   (You found it in the Dungeon)

   [ring of loudness]

   It protects you from fire.
   It makes you less stealthy.
 o - the ring of Izuwic {rElec rC+ Slay+3}
   (You found it in the Dungeon)

   [ring of protection from cold]

   It affects your accuracy and damage with ranged weapons and melee attacks
   (+3).
   It protects you from cold.
   It insulates you from electricity.
 p - a +4 amulet of reflection (around neck)
 q - the ring of the Iron Devil {+Inv rC+ rN+ Str+3 SInv}
   (You took it off an orc wizard in the Dungeon)

   [ring of see invisible]

   It affects your strength (+3).
   It protects you from cold.
   It protects you from negative energy.
   It lets you see invisible.
   It lets you turn invisible.
 r - the cursed ring of Dustivei {rF- Str+5 Int-3 Slay+3}
   (You found it in the Dungeon)

   [ring of intelligence]

   It affects your strength (+5).
   It affects your intelligence (-3).
   It affects your accuracy and damage with ranged weapons and melee attacks
   (+3).
   It makes you vulnerable to fire.
   It has a curse placed upon it.
 t - a +6 ring of strength (left hand)
 B - the ring "Teeh Fuo" {+Fly rElec rF++}
   (You found it in the Dungeon)

   [ring of flight]

   It greatly protects you from fire.
   It insulates you from electricity.
   It lets you fly.
 H - the amulet of the Four Winds {rN+ MR+++ Clar}
   (You found it in the Dungeon)

   [amulet of nothing]

   It protects you from negative energy.
   It affects your resistance to hostile enchantments.
   It protects you against confusion.
 L - the ring of Kokuskec {Fire rN+ Str+5}
   (You found it in the Dungeon)

   [ring of fire]

   It enhances your fire magic, and weakens your ice magic.
   It affects your strength (+5).
   It protects you from fire.
   It makes you vulnerable to cold.
   It protects you from negative energy.
 M - the amulet "Suysh" {RegenMP +Blink Dex-5 SInv}
   (You took it off an iron imp in the Dungeon)

   [amulet of magic regeneration]

   It increases your magic regeneration.
   It affects your dexterity (-5).
   It lets you see invisible.
   It lets you blink.
 P - the amulet "Jahih" {Faith rPois rC+ Str+4}
   (You found it in the Dungeon)

   [amulet of faith]

   It allows you to gain divine favour quickly.
   It affects your strength (+4).
   It protects you from cold.
   It protects you from poison.
 R - the cursed ring of Haett {rC+ rN+ Str-3 Int+4 Dex+3}
   (You took it off a necromancer in the Dungeon)

   [ring of strength]

   It affects your strength (-3).
   It affects your intelligence (+4).
   It affects your dexterity (+3).
   It protects you from cold.
   It protects you from negative energy.
   It has a curse placed upon it.
 S - the ring of Osatin {MP+9 SInv}
   (You took it off a wight in the Dungeon)

   [ring of see invisible]

   It affects your magic capacity (+9).
   It lets you see invisible.
 T - the amulet "Piseahol" {RegenMP +Fly rElec MR- Str+8}
   (You found it in the Dungeon)

   [amulet of magic regeneration]

   It increases your magic regeneration.
   It affects your strength (+8).
   It insulates you from electricity.
   It affects your resistance to hostile enchantments.
   It lets you fly.
 V - the amulet "Nouh" {Inacc MR+}
   (You found it in the Dungeon)

   [amulet of inaccuracy]

   It reduces the accuracy of all your attacks.
   It affects your resistance to hostile enchantments.
 W - the ring of Mysticism (right hand) {Wiz *Confuse rC- Str+8 Dex+6}
   (You found it in the Dungeon)

   [ring of wizardry]

   It improves your spell success rate.
   It affects your strength (+8).
   It affects your dexterity (+6).
   It makes you vulnerable to cold.
   It may confuse you when you take damage.
 X - the amulet "Byush" {RegenMP Str+4}
   (You found it in the Dungeon)

   [amulet of magic regeneration]

   It increases your magic regeneration.
   It affects your strength (+4).
 Z - the ring "Kyluan" {*Drain rElec rPois rF+}
   (You took it off a skeletal warrior in the Dungeon)

   [ring of poison resistance]

   It protects you from fire.
   It insulates you from electricity.
   It protects you from poison.
   It causes draining when unequipped.
Wands
 l - a wand of disintegration (7/24)
 m - a wand of iceblast (5/15)
 n - a wand of lightning (5/15)
 s - a wand of heal wounds (2/9)
 Y - a wand of heal wounds (1/9)
Scrolls
 k - 4 scrolls of blinking
 x - 4 scrolls of amnesia
 y - 4 scrolls of recharging
 z - 7 scrolls of fog
 A - a scroll of holy word
 C - 5 scrolls of remove curse
 D - 2 scrolls of fear
Potions
 d - 7 potions of might
 e - 10 potions of curing
 g - 10 potions of heal wounds
 i - 7 potions of magic
 E - 2 potions of brilliance
 F - 2 potions of invisibility
 G - 4 potions of resistance
 I - 8 potions of agility
Comestibles
 f - 2 bread rations
 v - 42 fruits
 w - 3 meat rations
 Q - 9 royal jellies


   Skills:
 O Level 27 Fighting
 + Level 22.4 Axes
 * Level 25.7 Armour
 + Level 19.4 Dodging
 * Level 25.7 Shields
 + Level 24.0 Invocations


You had 18 spell levels left.
You didn't know any spells.

Dungeon Overview and Level Annotations

Branches:
Dungeon (1/1)

Altars:
Ashenzari
Cheibriados
Dithmenos
Elyvilon
Fedhas
Gozag
Kikubaaqudgha
Makhleb
Nemelex Xobeh
Okawaru
Pakellas
Qazlal
Ru
Sif Muna
Trog
Vehumet
Xom
Yredelemnul
Zin
The Shining One
Beogh
Jiyva
Lugonu


Innate Abilities, Weirdness & Mutations

You cannot wear boots.
Your serpentine skin is tough (AC +6).
You have supernaturally acute eyesight.
Armour fits poorly on your strangely shaped body.
Your system is resistant to poisons.
You cover ground very slowly.
You have a slow metabolism.
You can exhale a cloud of poison.
You can use your snake-like lower body to constrict enemies.
You have a pair of horns on your head.
Your tail ends in a poisonous barb.
You are resistant to electric shocks.
You expend magic power (3 MP) to strengthen your wands.


Message History

You see here an uncursed staff of conjuration.
Your pack is full.
You see here the ring of Izuwic {rElec rC+ Slay+3}.
Drop what? 52/52 slots (_ for help) (? for menu, Esc to quit)
You drop a wand of acid (5/15).
Unknown command.
o - the ring of Izuwic {rElec rC+ Slay+3} Unknown command.
You see here a wand of acid (5/15).
An exit appears before you!
Your surroundings seem different!
Found the Orb of Zot.
Found a staircase leading out of the dungeon.
Unknown command.
You see here the Orb of Zot.
You pick up the Orb of Zot!
The Orb lets out a hideous shriek!
The lords of Pandemonium are not amused.
Beware!
Cheibriados tells them not to hurry.
Now all you have to do is get back out of the dungeon!
There is a staircase leading out of the dungeon here.
You have escaped!

.).))..(....▓......)......▓...8©8
).).........▓.............▓..\...
.())).))....▓.............▓.....)
..).)(.)....▓.............▓.)....
...)).......▓.............▓......
....(.......▓▓▓▓▓▓▓▓▓▓▓▓▓▓▓...%..
............▓8888888888888▓....)[
▓.......▓...▓8...........8▓..▓)[)
............▓8..@........8▓.▓....
............▓8...........8▓......
............▓8888888888888▓▓▓▓▓▓▓
▓▓▓▓▓▓▓▓▓▓▓▓▓▓▓▓▓▓▓▓▓▓▓▓▓▓▓▓▓▓▓▓▓
.....8©8........▓........8©8.....
):))[.[|})..::}.▓.[}))|)|||)}[.}[
)}):|.|}:|)))|..▓.==.})[))|}.}[..
}.[)):)=).:))\.?▓..)|}.))))..})|)
..).)))))).)....▓.....|.))})|...|


There were no monsters in sight!

Vanquished Creatures
  A pandemonium lord (D)
  6 ancient liches (D)
  2 shard shrikes (D)
  A bone dragon (D)
  7 liches (D)
  2 titans (D)
  An acid blob (D)
  2 deep elf blademasters (D)
  4 quicksilver dragons (D)
  6 deep elf master archers (D)
  3 tentacled starspawn (D)
  An azure jelly (D)
  3 shadow dragons (D)
  A revenant (D)
  4 deep elf sorcerers (D)
  6 iron dragons (D)
  2 orc warlords (D)
  6 reapers (D)
  3 ghouls (D)
  2 very ugly things (D)
  8 vampire knights (D)
  13 stone giants (D)
  2 deep elf demonologists (D)
  4 deep elf annihilators (D)
  An eidolon (D)
  3 blizzard demons (D)
  31 vault guards (D)
  6 crystal guardians (D)
  A deep elf high priest (D)
  4 death oozes (D)
  A yaktaur captain (D)
  An ice dragon (D)
  2 naga warriors (D)
  A great orb of eyes (D)
  A death knight (D)
  3 vampire magi (D)
  2 orc high priests (D)
  4 deep elf knights (D)
  2 thrashing horrors (D)
  A hell knight (D)
  A shock serpent (shapeshifter) (D)
  A soul eater (D)
  A fire crab (shapeshifter) (D)
  6 iron golems (D)
  11 skeletal warriors (D)
  A wretched star (D)
  A spriggan druid (D)
  A sea snake (shapeshifter) (D)
  A death drake (D)
  A giant orange brain (D)
  4 orc knights (D)
  A deep elf archer (D)
  12 necromancers (D)
  10 deep elf magi (D)
  3 orc sorcerers (D)
  An ugly thing (D)
  A sixfirhy (D)
  A cyclops (shapeshifter) (D)
  A shining eye (D)
  3 cyclopes (D)
  A hornet (shapeshifter) (D)
  A moth of wrath (shapeshifter) (D)
  A moth of wrath (D)
  2 guardian serpents (D)
  A black mamba (shapeshifter) (D)
  4 rust devils (D)
  3 black mambas (D)
  A gargoyle (D)
  3 smoke demons (D)
  A naga mage (D)
  4 large abominations (D)
  A komodo dragon (shapeshifter) (D)
  2 orange demons (D)
  A spiny frog (shapeshifter) (D)
  4 yaktaurs (D)
  3 hellions (D)
  8 freezing wraiths (D)
  An efreet (D)
  6 tormentors (D)
  2 rime drakes (shapeshifter) (D)
  A demonic crawler (D)
  2 ancient zymes (D)
  A yaktaur (shapeshifter) (D)
  13 ice devils (D)
  A kobold demonologist (D)
  3 red devils (D)
  A queen bee (shapeshifter) (D)
  A merfolk (shapeshifter) (D)
  A jumping spider (shapeshifter) (D)
  A wind drake (shapeshifter) (D)
  2 trolls (D)
  6 merfolk (D)
  2 two-headed ogres (D)
  A slime creature (shapeshifter) (D)
  5 slime creatures (D)
  5 flying skulls (D)
  3 air elementals (D)
  3 ynoxinuls (D)
  2 water elementals (D)
  6 shadows (D)
  4 starcursed masses (D)
  2 golden eyes (D)
  5 wraiths (D)
  2 vampires (D)
  A fire bat (D)
  3 fire elementals (D)
  7 neqoxecs (D)
  3 hippogriffs (D)
  A naga (D)
  An insubstantial wisp (D)
  3 hell hounds (D)
  A giant eyeball (D)
  8 small abominations (D)
  An ice beast (D)
  2 black bears (D)
  A phantom (D)
  7 orc warriors (D)
  3 wolves (D)
  6 necrophages (D)
  4 ogres (D)
  5 centaurs (D)
  A giant frog (D)
  4 earth elementals (D)
  4 wights (D)
  2 crimson imps (D)
  4 jellies (D)
  3 quasits (D)
  An orc priest (D)
  8 iron imps (D)
  An orc wizard (D)
  An iguana (D)
  A sheep (D)
  A river rat (D)
  2 shadow imps (D)
  7 white imps (D)
  2 ufetubi (D)
  8 oozes (D)
  7 adder zombies (D)
  12 adder skeletons (D)
  An adder simulacrum (D)
  An orc (D)
  4 bat skeletons (D)
  9 bat zombies (D)
  3 ball pythons (D)
  A ball python skeleton (D)
  4 giant cockroach zombies (D)
  3 giant gecko skeletons (D)
  3 giant gecko zombies (D)
  3 jackal skeletons (D)
  7 jackal zombies (D)
  3 quokka skeletons (D)
  3 quokka zombies (D)
510 creatures vanquished.

Vanquished Creatures (collateral kills)
  A rakshasa (D)
  2 skeletal warriors (D)
  3 slime creatures (D)
  An earth elemental (D)
  A bat skeleton (D)
  A quokka zombie (D)
9 creatures vanquished.

Vanquished Creatures (others)
  2 deep elf master archers (D)
  2 stone giants (D)
  A deep elf high priest (D)
  A spatial maelstrom (D)
  An ogre (D)
  An iron imp (D)
  2 bat zombies (D)
  A bat simulacrum (D)
  6 starspawn tentacles (D)
  48 starspawn tentacle segments (D)
65 creatures vanquished.

Grand Total: 584 creatures vanquished

Notes
Turn   | Place    | Note
--------------------------------------------------------------
     0 | D        | Kidiri the Naga Fighter began the quest for the Orb.
     0 | D        | Reached XP level 1. HP: 21/21 MP: 1/1
     0 | D        | Found a viscous altar of Jiyva.
     0 | D        | Found a roughly hewn altar of Beogh.
     0 | D        | Found a corrupted altar of Lugonu.
     0 | D        | Found a white marble altar of Elyvilon.
     0 | D        | Found a sparkling altar of Nemelex Xobeh.
     5 | D        | Banished a spatial maelstrom
     7 | D        | Became a worshipper of Cheibriados the Contemplative
    11 | D        | Found a deep blue altar of Sif Muna.
    11 | D        | Found a burning altar of Makhleb.
    11 | D        | Found a bloodstained altar of Trog.
    11 | D        | Found an iron altar of Okawaru.
    11 | D        | Found a radiant altar of Vehumet.
    18 | D        | Found a shimmering altar of Xom.
    67 | D        | Reached skill level 4 in Fighting
    67 | D        | Reached skill level 1 in Dodging
    67 | D        | Reached XP level 2. HP: 31/31 MP: 1/3
    90 | D        | Entered arena 1.
    91 | D        | Reached skill level 5 in Fighting
    91 | D        | Reached XP level 3. HP: 39/39 MP: 3/5
    93 | D        | Reached * piety under Cheibriados
   106 | D        | Entered arena 2.
   106 | D        | Noticed a giant eyeball
   107 | D        | Paralysed by a giant eyeball for 4 turns
   111 | D        | Killed a giant eyeball
   111 | D        | Reached skill level 6 in Fighting
   111 | D        | Reached skill level 5 in Armour
   111 | D        | Reached skill level 5 in Shields
   111 | D        | Reached XP level 4. HP: 46/48 MP: 6/6
   111 | D        | Reached XP level 5. HP: 53/55 MP: 7/7
   111 | D        | Reached ** piety under Cheibriados
   130 | D        | Entered arena 3.
   132 | D        | Reached *** piety under Cheibriados
   132 | D        | Reached XP level 6. HP: 63/63 MP: 9/9
   133 | D        | Reached **** piety under Cheibriados
   134 | D        | Reached skill level 7 in Fighting
   216 | D        | Entered arena 4.
   216 | D        | Noticed a troll
   216 | D        | Noticed a two-headed ogre
   216 | D        | Noticed a troll
   219 | D        | Killed a troll
   219 | D        | Reached skill level 5 in Axes
   219 | D        | Reached skill level 5 in Invocations
   219 | D        | Reached XP level 7. HP: 19/73 MP: 9/11
   220 | D        | Reached skill level 8 in Fighting
   220 | D        | Killed a two-headed ogre
   220 | D        | Killed a troll
   220 | D        | Reached skill level 9 in Fighting
   220 | D        | Reached XP level 8. HP: 14/85 MP: 4/12
   315 | D        | Entered arena 5.
   318 | D        | Reached ***** piety under Cheibriados
   327 | D        | Entered arena 6.
   327 | D        | Noticed a spriggan druid
   330 | D        | Reached skill level 5 in Dodging
   331 | D        | Reached ****** piety under Cheibriados
   331 | D        | Killed a spriggan druid
   331 | D        | Reached skill level 10 in Fighting
   331 | D        | Reached XP level 9. HP: 72/93 MP: 14/14
   349 | D        | Got the ring of Juon {rF+ Stlth-}
   418 | D        | Entered arena 7.
   433 | D        | Got the cursed ring of Dustivei {rF- Str+5 Int-3 Slay+3}
   544 | D        | Entered arena 8.
   544 | D        | Noticed an ice devil
   548 | D        | Killed an ice devil
   553 | D        | Reached skill level 11 in Fighting
   638 | D        | Entered arena 9.
   638 | D        | Noticed a merfolk
   638 | D        | Noticed a merfolk
   638 | D        | Noticed a cyclops
   638 | D        | Noticed a merfolk
   638 | D        | Noticed a cyclops
   640 | D        | Killed a merfolk
   640 | D        | Reached XP level 10. HP: 105/105 MP: 10/16
   644 | D        | Killed a cyclops
   644 | D        | Killed a cyclops
   644 | D        | Reached skill level 10 in Armour
   644 | D        | Reached skill level 10 in Shields
   681 | D        | Entered arena 10.
   681 | D        | Noticed a cyclops
   683 | D        | Reached skill level 12 in Fighting
   688 | D        | Killed a cyclops
   786 | D        | Entered arena 11.
   790 | D        | Reached XP level 11. HP: 113/115 MP: 18/18
   818 | D        | Entered arena 12.
   818 | D        | Noticed a vampire mage
   818 | D        | Noticed a vampire mage
   818 | D        | Noticed a necromancer
   819 | D        | Noticed a necromancer
   819 | D        | Noticed a necromancer
   821 | D        | Killed a necromancer
   821 | D        | Reached skill level 10 in Invocations
   821 | D        | Killed a necromancer
   821 | D        | Reached skill level 13 in Fighting
   821 | D        | Killed a vampire mage
   821 | D        | Killed a necromancer
   823 | D        | Killed a vampire mage
   823 | D        | Reached skill level 10 in Axes
   919 | D        | Entered arena 13.
   920 | D        | Noticed a naga warrior
   920 | D        | Noticed a naga warrior
   927 | D        | Killed a naga warrior
   927 | D        | Reached skill level 14 in Fighting
   928 | D        | Killed a naga warrior
   928 | D        | Reached XP level 12. HP: 113/128 MP: 9/20
   967 | D        | Gained mutation: You are agile. (Dex +2) [mutagenic meat]
   968 | D        | Gained mutation: Potions and wands are less effective at restoring your health. [mutagenic meat]
   970 | D        | Gained mutation: You are resistant to hostile enchantments. [mutagenic meat]
   971 | D        | Gained mutation: Your magical capacity is low (-10% MP). [mutagenic meat]
   973 | D        | Gained mutation: You are covered in fur (AC +1). [mutagenic meat]
  1014 | D        | Entered arena 14.
  1015 | D        | Noticed a revenant
  1015 | D        | Noticed a tentacled starspawn
  1019 | D        | Noticed a rakshasa
  1019 | D        | Killed a tentacled starspawn
  1020 | D        | Killed a revenant
  1035 | D        | Killed a rakshasa
  1132 | D        | Entered arena 15.
  1135 | D        | Reached skill level 15 in Fighting
  1267 | D        | Entered arena 16.
  1270 | D        | Noticed a vampire knight
  1270 | D        | Noticed a ghoul
  1271 | D        | Noticed a lich
  1271 | D        | Noticed an ancient lich
  1271 | D        | Noticed a vampire knight
  1271 | D        | Noticed a ghoul
  1273 | D        | Killed a vampire knight
  1274 | D        | Killed a vampire knight
  1274 | D        | Gained mutation: You can use your snake-like lower body to constrict enemies. [Naga growth]
  1274 | D        | Reached XP level 13. HP: 139/139 MP: 8/19
  1274 | D        | Killed a lich
  1274 | D        | Killed an ancient lich
  1274 | D        | Reached skill level 16 in Fighting
  1274 | D        | Reached skill level 10 in Dodging
  1277 | D        | Killed a ghoul
  1278 | D        | Killed a ghoul
  1300 | D        | Got the amulet "Jahih" {Faith rPois rC+ Str+4}
  1316 | D        | Entered arena 17.
  1319 | D        | Noticed an azure jelly
  1319 | D        | Noticed a death ooze
  1321 | D        | Noticed a death ooze
  1321 | D        | Noticed an acid blob
  1321 | D        | Noticed a death ooze
  1321 | D        | Noticed a great orb of eyes
  1321 | D        | Noticed a death ooze
  1322 | D        | Killed a death ooze
  1323 | D        | Killed an azure jelly
  1323 | D        | Reached skill level 17 in Fighting
  1323 | D        | Killed a death ooze
  1323 | D        | Killed a death ooze
  1323 | D        | Killed a death ooze
  1324 | D        | Reached XP level 14. HP: 144/153 MP: 5/21
  1326 | D        | Killed an acid blob
  1326 | D        | Reached skill level 15 in Armour
  1326 | D        | Reached skill level 15 in Shields
  1394 | D        | Entered arena 18.
  1401 | D        | Noticed a reaper
  1406 | D        | Killed a reaper
  1423 | D        | Got the ring of Osatin {MP+9 SInv}
  1430 | D        | Got the amulet "Piseahol" {RegenMP +Fly rElec MR- Str+8}
  1461 | D        | Entered arena 19.
  1467 | D        | Noticed a red very ugly thing
  1469 | D        | Reached skill level 18 in Fighting
  1471 | D        | Killed a red very ugly thing
  1518 | D        | Gained mutation: You are very agile. (Dex +4) [mutagenic meat]
  1519 | D        | Lost mutation: You are resistant to hostile enchantments. [mutagenic meat]
  1520 | D        | Lost mutation: Your magical capacity is low (-10% MP). [mutagenic meat]
  1521 | D        | Gained mutation: You occasionally shout uncontrollably at your foes. [mutagenic meat]
  1522 | D        | Gained mutation: You expend magic power (3 MP) to strengthen your wands. [mutagenic meat]
  1523 | D        | Lost mutation: You expend magic power (3 MP) to strengthen your wands. [mutagenic meat]
  1524 | D        | Lost mutation: You occasionally shout uncontrollably at your foes. [mutagenic meat]
  1525 | D        | Gained mutation: You expend magic power (3 MP) to strengthen your wands. [mutagenic meat]
  1526 | D        | Lost mutation: You are very agile. (Dex +4) [mutagenic meat]
  1527 | D        | Gained mutation: You are partially covered in thin metallic scales (AC +2). [mutagenic meat]
  1529 | D        | Gained mutation: You are resistant to electric shocks. [mutagenic meat]
  1530 | D        | Lost mutation: You are partially covered in thin metallic scales (AC +2). [mutagenic meat]
  1531 | D        | Gained mutation: You have a somewhat thin skeletal structure (Dex +2, Stealth). [mutagenic meat]
  1532 | D        | Gained mutation: You are dopey. (Int -2) [mutagenic meat]
  1534 | D        | Gained mutation: You are weak. (Str -2) [mutagenic meat]
  1535 | D        | Gained mutation: You are robust (+10% HP). [mutagenic meat]
  1537 | D        | Lost mutation: You are dopey. (Int -2) [mutagenic meat]
  1539 | D        | Lost mutation: You are covered in fur (AC +1). [mutagenic meat]
  1540 | D        | Lost mutation: You are agile. (Dex +2) [mutagenic meat]
  1542 | D        | Gained mutation: You have a pair of small horns on your head. [mutagenic meat]
  1543 | D        | Lost mutation: You are weak. (Str -2) [mutagenic meat]
  1544 | D        | Lost mutation: You have a somewhat thin skeletal structure (Dex +2, Stealth). [mutagenic meat]
  1545 | D        | Lost mutation: Potions and wands are less effective at restoring your health. [mutagenic meat]
  1547 | D        | Gained mutation: You have a pair of horns on your head. [mutagenic meat]
  1548 | D        | Gained mutation: You can exhale a cloud of poison. [mutagenic meat]
  1549 | D        | Gained mutation: Your tail ends in a poisonous barb. [mutagenic meat]
  1550 | D        | Gained mutation: You are very robust (+20% HP). [mutagenic meat]
  1552 | D        | Gained mutation: You are weak. (Str -2) [mutagenic meat]
  1553 | D        | Lost mutation: You are weak. (Str -2) [mutagenic meat]
  1554 | D        | Lost mutation: You are very robust (+20% HP). [mutagenic meat]
  1563 | D        | Got the ring of Mysticism {Wiz *Confuse rC- Str+8 Dex+6}
  1624 | D        | Entered arena 20.
  1629 | D        | Noticed a shard shrike
  1631 | D        | Killed a shard shrike
  1825 | D        | Entered arena 21.
  1829 | D        | Noticed a stone giant
  1829 | D        | Noticed a stone giant
  1829 | D        | Noticed an orc warlord
  1829 | D        | Noticed a stone giant
  1829 | D        | Noticed a stone giant
  1830 | D        | Noticed an orc warlord
  1830 | D        | Noticed a stone giant
  1831 | D        | Killed a stone giant
  1831 | D        | Reached skill level 15 in Invocations
  1831 | D        | Reached skill level 19 in Fighting
  1832 | D        | Killed a stone giant
  1832 | D        | Reached XP level 15. HP: 182/182 MP: 26/26
  1833 | D        | Killed an orc warlord
  1838 | D        | Killed an orc warlord
  1892 | D        | Got the ring of the Iron Devil {+Inv rC+ rN+ Str+3 SInv}
  1940 | D        | Entered arena 22.
  1947 | D        | Noticed an iron dragon
  1947 | D        | Noticed an iron dragon
  1947 | D        | Noticed an iron dragon
  1947 | D        | Noticed an iron dragon
  1947 | D        | Noticed an iron dragon
  1947 | D        | Noticed a quicksilver dragon
  1947 | D        | Noticed an iron dragon
  1947 | D        | Noticed a quicksilver dragon
  1949 | D        | Killed a quicksilver dragon
  1949 | D        | Killed a quicksilver dragon
  1950 | D        | Noticed a quicksilver dragon
  1950 | D        | Reached skill level 20 in Fighting
  1950 | D        | Reached skill level 15 in Axes
  1951 | D        | Killed a quicksilver dragon
  1953 | D        | Killed an iron dragon
  1953 | D        | Killed an iron dragon
  1953 | D        | Killed an iron dragon
  1954 | D        | Killed an iron dragon
  1954 | D        | Killed an iron dragon
  1954 | D        | Killed an iron dragon
  1955 | D        | Noticed a quicksilver dragon
  1955 | D        | Reached XP level 16. HP: 169/198 MP: 3/28
  1957 | D        | Reached skill level 21 in Fighting
  1958 | D        | Killed a quicksilver dragon
  1996 | D        | Got the ring of Kokuskec {Fire rN+ Str+5}
  2196 | D        | Entered arena 23.
  2208 | D        | Noticed a lich
  2208 | D        | Noticed an ancient lich
  2208 | D        | Noticed a lich
  2210 | D        | Noticed an ancient lich
  2210 | D        | Noticed an ancient lich
  2211 | D        | Killed a lich
  2211 | D        | Reached skill level 22 in Fighting
  2212 | D        | Noticed a lich
  2212 | D        | Killed a lich
  2213 | D        | Killed an ancient lich
  2213 | D        | Killed a lich
  2215 | D        | Killed an ancient lich
  2215 | D        | Reached XP level 17. HP: 208/213 MP: 4/30
  2217 | D        | Killed an ancient lich
  2217 | D        | Reached skill level 23 in Fighting
  2217 | D        | Reached skill level 15 in Dodging
  2226 | D        | Got the ring "Goalukia" {+Fly rF+}
  2229 | D        | Got the cursed ring of Haett {rC+ rN+ Str-3 Int+4 Dex+3}
  2410 | D        | Entered arena 24.
  2417 | D        | Noticed a deep elf master archer
  2417 | D        | Noticed a deep elf master archer
  2417 | D        | Noticed a deep elf master archer
  2417 | D        | Noticed a deep elf master archer
  2417 | D        | Noticed a deep elf master archer
  2417 | D        | Noticed a deep elf blademaster
  2418 | D        | Killed a deep elf master archer
  2418 | D        | Killed a deep elf master archer
  2419 | D        | Noticed a deep elf master archer
  2420 | D        | Killed a deep elf master archer
  2420 | D        | Killed a deep elf blademaster
  2420 | D        | Killed a deep elf master archer
  2420 | D        | Reached skill level 24 in Fighting
  2420 | D        | Killed a deep elf master archer
  2421 | D        | Noticed a deep elf master archer
  2421 | D        | Noticed a deep elf blademaster
  2421 | D        | Killed a deep elf master archer
  2422 | D        | Noticed a deep elf master archer
  2424 | D        | Killed a deep elf blademaster
  2424 | D        | Killed a deep elf master archer
  2424 | D        | Killed a deep elf master archer
  2424 | D        | Reached XP level 18. HP: 215/231 MP: 12/32
  2426 | D        | Reached skill level 25 in Fighting
  2636 | D        | Entered arena 25.
  2645 | D        | Noticed a lich
  2646 | D        | Noticed a titan
  2646 | D        | Noticed a lich
  2646 | D        | Noticed an ancient lich
  2646 | D        | Noticed an ancient lich
  2646 | D        | Identified the +2 lajatang of Sessuim {flame, rF- Int+5 Dex+4}
  2646 | D        | Noticed a titan
  2646 | D        | Noticed a lich
  2649 | D        | Killed an ancient lich
  2649 | D        | Killed a lich
  2649 | D        | Reached skill level 26 in Fighting
  2649 | D        | Killed a lich
  2650 | D        | Killed an ancient lich
  2650 | D        | Killed a lich
  2651 | D        | Killed a titan
  2651 | D        | Reached skill level 27 in Fighting
  2651 | D        | Reached XP level 19. HP: 233/248 MP: 23/34
  2788 | D        | Got the +2 cloak of Plog {Str+8}
  2826 | D        | Entered arena 26.
  2835 | D        | Noticed Hesioph the pandemonium lord
  2842 | D        | Killed Hesioph the pandemonium lord
  2854 | D        | Lost mutation: You are robust (+10% HP). [mutagenic meat]
  2860 | D        | Got the amulet "Suysh" {RegenMP +Blink Dex-5 SInv}
  2898 | D        | Got the amulet "Nouh" {Inacc MR+}
  2910 | D        | Got the amulet "Byush" {RegenMP Str+4}
  2951 | D        | Entered arena 27.
  2961 | D        | Noticed a bone dragon
  2965 | D        | Noticed a shard shrike
  2966 | D        | Killed a shard shrike
  2968 | D        | Killed a bone dragon
  2980 | D        | Got the ring "Kyluan" {*Drain rElec rPois rF+}
  3040 | D        | Got the ring "Teeh Fuo" {+Fly rElec rF++}
  3074 | D        | Got the amulet of Fixation {RegenMP SInv}
  3086 | D        | Got the ring of Izuwic {rElec rC+ Slay+3}
  3092 | D        | Got the Orb of Zot
  3097 | D        | Escaped with the Orb!

Vault maps used:
D:        sprint_v

Skill      XL: |  1  2  3  4  5  6  7  8  9 10 11 12 13 14 15 16 17 18 19 |
---------------+----------------------------------------------------------+-----
Fighting       | 4 5 6 7 9 10 11 12 14 15 17 19 20 22 24 27 | 27.0
Axes           | 3 4 5 6 7 8 9 10 11 12 14 15 17 18 20 22 | 22.4
Armour         | 3 4 5 6 7 8 9 10 12 13 14 16 18 20 21 23 25 | 25.7
Dodging        | 1 2 3 4 5 6 7 8 9 10 12 13 14 16 17 19 | 19.4
Shields        | 3 4 5 6 7 8 9 10 12 13 14 16 18 20 21 23 25 | 25.7
Invocations    | 2 3 4 5 6 7 8 9 11 12 13 15 16 18 20 22 24 | 24.0

Action                   |  1- 3 |  4- 6 |  7- 9 | 10-12 | 13-15 | 16-18 | 19-21 || total
-------------------------+-------+-------+-------+-------+-------+-------+-------++-------
Melee: Broad axe         |     3 |     6 |    31 |    28 |    22 |    23 |     2 ||   115
       Constrict         |       |       |       |       |     4 |     6 |       ||    10
       Headbutt          |       |       |       |       |     2 |     6 |       ||     8
       Tailslap          |       |       |       |       |       |     4 |       ||     4
Invok: Slouch            |       |       |     2 |    14 |    22 |    18 |    12 ||    68
 Abil: Breathe Poison Ga |       |       |       |       |       |     1 |       ||     1
  Use: Potion            |     1 |       |       |       |       |       |       ||     1
       Scroll            |       |       |       |     1 |       |       |       ||     1
 Stab: Distracted        |       |       |       |       |       |     1 |       ||     1
  Eat: Chunk             |       |       |       |     7 |    37 |     3 |     2 ||    49
       Meat ration       |       |       |       |     1 |       |       |       ||     1
       Bread ration      |       |       |       |       |       |     3 |       ||     3
Armor: Plate armour      |     6 |     5 |    49 |    23 |    22 |    24 |     7 ||   136
Dodge: Dodged            |     1 |     1 |    20 |    16 |    19 |    25 |    14 ||    96
Block: Shield            |     4 |    17 |    90 |    81 |    67 |    77 |    44 ||   380
       Reflection        |       |       |       |       |    10 |    14 |     1 ||    25
